 Dungeon Crawl Stone Soup version 0.19-a0-734-ge18daf0 (webtiles) character file.

6459 tyrsky the Grappler (level 10, -11/88 HPs)
             Began as a Red Draconian Transmuter on June 22, 2016.
             Was a High Priest of Cheibriados.
             Mangled by a swamp worm (21 damage)
             ... on level 1 of the Lair of Beasts.
             The game lasted 00:34:41 (10332 turns).

tyrsky the Grappler (Red Draconian Transmuter)     Turns: 10332, Time: 00:34:42

Health: -11/88     AC: 14    Str: 27    XL:     10   Next: 67%
Magic:  0/14       EV: 18    Int: 24    God:    Cheibriados [*****.]
Gold:   575        SH:  0    Dex: 23    Spells: 5 memorised, 1 level left

rFire  + . .     SeeInvis .       - Unarmed
rCold  . . .     Gourm    .     (armour unavailable)
rNeg   . . .     Faith    .     (no shield)
rPois  +         Spirit   +     (helmet restricted)
rElec  .         Dismiss  .     m - +2 cloak {+Inv}
rCorr  .         Reflect  .     L - +0 pair of gloves
SustAt .         Harm     .     l - +2 pair of boots
MR     +....                    i - amulet of guardian spirit
Stlth  +.........               r - ring of protection from magic
                                I - ring of poison resistance

@: very slow, somewhat resistant to hostile enchantments, very unstealthy
A: breathe fire, unfitting armour, fire resistance 1, cold-blooded, AC +7
a: Breathe Fire, Bend Time, Temporal Distortion, Slouch, Step From Time,
Renounce Religion, Evoke Invisibility


You were on level 1 of the Lair of Beasts.
You worshipped Cheibriados.
Cheibriados was extremely pleased with you.
You were hungry.

You visited 2 branches of the dungeon, and saw 10 of its levels.
You also visited: Ice Cave.

You collected 633 gold pieces.
You spent 58 gold pieces at shops.

Inventory:

Missiles
 k - 39 arrows
Armour
 j - a +0 pair of boots
 l - a +2 pair of boots (worn)
 m - a +2 cloak of invisibility (worn)
 L - a +0 pair of gloves (worn)
Jewellery
 i - an amulet of guardian spirit (around neck)
 n - an uncursed ring of resist corrosion
 r - a ring of protection from magic (right hand)
 x - a +1 ring of slaying
 I - a ring of poison resistance (left hand)
 M - an uncursed amulet of rage
Wands
 f - a wand of confusion (36/48)
 u - a wand of disintegration (14/24)
 A - a wand of flame (20/48)
 B - a wand of lightning (12/15)
 J - a wand of disintegration (7/24)
Scrolls
 a - 2 scrolls of magic mapping
 d - 5 scrolls of teleportation
 e - 3 scrolls of remove curse
 p - a scroll of blinking
 s - 2 scrolls of identify {@*1}
 C - a scroll of holy word {unknown}
 D - 2 scrolls of enchant armour
 H - a scroll of acquirement {unknown}
 K - a scroll of fog
Potions
 h - 3 potions of curing
 o - a potion of flight
 t - 2 potions of berserk rage
 v - a potion of agility
 z - a potion of beneficial mutation
 E - 3 potions of haste
 O - a potion of brilliance {unknown}
Books
 b - a book of Changes

   Spells                             Type                      Level
   a - Beastly Appendage              Transmutation                1
   b - Sticks to Snakes               Transmutation                2
   c - Spider Form                    Transmutation/Poison         3
   d - Ice Form                       Ice/Transmutation            4
   e - Blade Hands                    Transmutation                5
 w - a book of Minor Magic

   Spells                             Type                      Level
   a - Magic Dart                     Conjuration                  1
   b - Blink                          Translocation                2
   c - Call Imp                       Summoning                    2
   d - Repel Missiles                 Charms/Air                   2
   e - Slow                           Hexes                        2
   f - Conjure Flame                  Conjuration/Fire             3
   g - Mephitic Cloud                 Conjuration/Poison/Air       3
 y - an Akashic Record

   Spells                             Type                      Level
   a - Dispersal                      Translocation                6
   b - Malign Gateway                 Summoning/Translocation      7
   c - Disjunction                    Translocation                8
   d - Controlled Blink               Translocation                8
 N - a book of Cantrips

   Spells                             Type                      Level
   a - Corona                         Hexes                        1
   b - Animate Skeleton               Necromancy                   1
   c - Summon Small Mammal            Summoning                    1
   d - Apportation                    Translocation                1
Comestibles
 c - 9 bread rations
 g - 2 meat rations
 q - 4 fruits
 F - 3 beef jerkies
 G - 7 slices of pizza


   Skills:
 + Level 7.7 Fighting
 * Level 6.7 Dodging
 + Level 9.1 Unarmed Combat
 + Level 2.9 Spellcasting
 - Level 7.2 Transmutations
 + Level 4.0 Invocations
 - Level 4.7 Evocations


You had one spell level left.
You knew the following spells:

 Your Spells              Type           Power        Failure   Level  Hunger
a - Spider Form           Tmut/Pois      ###.......   10%         3    ###....
b - Sticks to Snakes      Tmut           #####...     1%          2    ##.....
c - Blade Hands           Tmut           #####.....   21%         5    ######.
d - Beastly Appendage     Tmut           #####.       1%          1    None
e - Blink                 Tloc           N/A          17%         2    ##.....


Dungeon Overview and Level Annotations

Branches:
Dungeon (9/15)             Temple (0/1) D:5            Lair (1/6) D:9
    Orc (0/2) D:9

Altars:
Ashenzari
Cheibriados
Dithmenos
Elyvilon
Gozag
Nemelex Xobeh
Pakellas
Ru
Vehumet

Shops:
D:9 ([

Annotations:
D:2 Sigmund
D:5 tstbtto's ghost, novice HOFi


Innate Abilities, Weirdness & Mutations

You can breathe blasts of fire.
Your fiery red scales are hard. (AC +7)
Your body does not fit into most forms of armour.
Your flesh is heat resistant. (rF+)
You are cold-blooded and may be slowed by cold attacks.


Message History

The swamp worm bites you.
The swamp worm bites you but does no damage.
The swamp worm bites you! The swamp worm misses you. x2
The swamp worm closely misses you. The swamp worm bites you!
The swamp worm closely misses you. The swamp worm barely misses you.
The swamp worm bites you but does no damage.
The swamp worm closely misses you.
The swamp worm bites you but does no damage.
The swamp worm bites you. The swamp worm closely misses you.
The swamp worm completely misses you. The swamp worm barely misses you.
The swamp worm bites you!! The swamp worm completely misses you.
The swamp worm bites you!
* * * LOW HITPOINT WARNING * * *
The swamp worm bites you!!
* * * LOW HITPOINT WARNING * * *
The swamp worm completely misses you. The swamp worm bites you.
* * * LOW HITPOINT WARNING * * *
The swamp worm bites you!!
You die...

...#..........................###
...P.................##.###.#.#
...+.....P.####.###..#......#.#
...#......## ##......≈........#
...P.....#####≈≈≈≈≈≈≈#......#.##
...P.....###≈≈≈≈≈≈≈≈≈≈≈.....#.P#
...#......#≈≈≈#######≈≈≈....#.###
...#.......≈≈P#≈≈w≈≈##≈≈......##.
###........≈≈≈≈≈dw≈≈/#≈†.........
...........≈≈P#≈≈w≈≈##≈≈.........
###P######.≈≈≈#######≈≈≈#######.#
# ### #..≈≈≈≈≈≈≈≈≈≈≈## ###
##...≈≈≈≈≈≈≈### ############


You could see 3 swamp worms.

Vanquished Creatures
  Erolcha (D:8)
  Pikel (D:5)
  A spiny frog (Lair:1)
  Prince Ribbit (D:5)
  A hog (D:9)
  3 yaks (Lair:1)
  A basilisk (D:9)
  A human (D:9)
  2 hippogriffs
  2 hungry ghosts (D:8)
  Edmund (D:5)
  3 porcupines (Lair:1)
  A necrophage (D:9)
  A black bear (D:6)
  5 ogres
  A centaur (D:5)
  A crocodile (Lair:1)
  A big kobold (D:7)
  8 giant frogs
  An elephant simulacrum (IceCv)
  5 wights (D:9)
  A howler monkey (D:6)
  3 crimson imps
  A giant frog zombie (D:9)
  2 hounds
  5 orc priests
  2 giant frog skeletons
  2 iguanas (D:6)
  8 orc wizards
  10 worker ants
  3 sheep (D:9)
  A hound skeleton (D:8)
  A worker ant zombie (D:5)
  Robin (D:4)
  10 adders
  6 gnolls
  7 river rats (Lair:1)
  A shadow imp (D:6)
  An ooze (D:2)
  2 adder skeletons
  16 worms
  2 giant geckos
  32 orcs
  10 bats
  6 giant cockroaches
  12 goblins
  6 hobgoblins
  10 jackals
  4 quokkas
  3 ball pythons
  7 giant newts
  16 kobolds
  7 rats
  A plant (Lair:1)
241 creatures vanquished.

Vanquished Creatures (collateral kills)
  An adder (D:3)
  A worm (D:3)
  A giant gecko (D:2)
  An orc (D:3)
4 creatures vanquished.

Vanquished Creatures (others)
  4 slaves (D:5)
  A centaur (D:5)
  An orc priest (D:6)
  An adder zombie (D:5)
  2 orcs (D:5)
  A fungus (Lair:1)
  A plant (Lair:1)
11 creatures vanquished.

Grand Total: 256 creatures vanquished

Notes
Turn   | Place    | Note
--------------------------------------------------------------
     0 | D:1      | tyrsky the Draconian Transmuter began the quest for the Orb.
     0 | D:1      | Reached XP level 1. HP: 16/16 MP: 3/3
   103 | D:1      | Reached XP level 2. HP: 18/23 MP: 3/5
   595 | D:1      | Reached skill level 4 in Unarmed Combat
   785 | D:2      | Reached XP level 3. HP: 26/28 MP: 6/6
   789 | D:2      | Learned a level 2 spell: Sticks to Snakes
   793 | D:2      | Learned a level 3 spell: Spider Form
  1062 | D:2      | Noticed Sigmund
  1272 | D:3      | Found an oddly glowing altar of Pakellas.
  1308 | D:3      | Reached XP level 4. HP: 19/35 MP: 2/7
  1958 | D:2      | Reached skill level 5 in Unarmed Combat
  2294 | D:3      | Found a sacrificial altar of Ru.
  2299 | D:3      | Found a shadowy altar of Dithmenos.
  2482 | D:4      | Reached XP level 5. HP: 27/40 MP: 3/8
  3066 | D:4      | Noticed Robin
  3072 | D:4      | Noticed an ogre
  3322 | D:4      | Killed Robin
  3322 | D:4      | Reached XP level 6. HP: 43/47 MP: 3/9
  3432 | D:4      | Found a sparkling altar of Nemelex Xobeh.
  3691 | D:4      | Found a snail-covered altar of Cheibriados.
  3696 | D:4      | Became a worshipper of Cheibriados the Contemplative
  3860 | D:5      | Entered Level 5 of the Dungeon
  3956 | D:5      | Noticed tstbtto's ghost (novice HOFi)
  4183 | D:5      | Noticed a slave
  4184 | D:5      | Noticed Pikel
  4185 | D:5      | Noticed a slave
  4186 | D:5      | Noticed a slave
  4188 | D:5      | Noticed a slave
  4202 | D:5      | Killed Pikel
  4202 | D:5      | Reached skill level 6 in Unarmed Combat
  4202 | D:5      | Reached skill level 5 in Transmutations
  4202 | D:5      | Your scales start taking on a fiery red colour.
  4202 | D:5      | Reached XP level 7. HP: 33/56 MP: 2/10
  4202 | D:5      | Gained mutation: Your flesh is heat resistant. (rF+) [Red Draconian growth]
  4323 | D:5      | Found a staircase to the Ecumenical Temple.
  4407 | D:5      | Noticed Edmund
  4436 | D:5      | Noticed Prince Ribbit
  4449 | D:5      | Killed Prince Ribbit
  4449 | D:5      | Reached skill level 1 in Evocations
  4449 | D:5      | Reached XP level 8. HP: 28/63 MP: 2/11
  4568 | D:5      | Learned a level 5 spell: Blade Hands
  4647 | D:5      | Killed Edmund
  4711 | D:5      | Reached skill level 7 in Unarmed Combat
  5191 | D:5      | Reached * piety under Cheibriados
  5702 | D:6      | Reached XP level 9. HP: 64/73 MP: 4/12
  5734 | D:6      | Reached skill level 5 in Fighting
  6139 | D:7      | Reached ** piety under Cheibriados
  6244 | D:7      | Found a shattered altar of Ashenzari.
  7119 | D:8      | Noticed Erolcha
  7249 | D:8      | Reached skill level 5 in Dodging
  7446 | D:8      | Paralysed by Erolcha for 6 turns
  7705 | D:8      | Found a white marble altar of Elyvilon.
  7790 | D:8      | Reached skill level 8 in Unarmed Combat
  7951 | D:8      | Killed Erolcha
  8121 | D:9      | Found a radiant altar of Vehumet.
  8385 | D:9      | Reached XP level 10. HP: 82/84 MP: 8/13
  8391 | D:9      | Reached *** piety under Cheibriados
  8406 | D:9      | Reached skill level 1 in Invocations
  8724 | D:9      | Found a staircase to the Lair.
  8872 | D:9      | Found Veuggaug's Armour Shoppe.
  8873 | D:9      | Found a staircase to the Orcish Mines.
  8879 | D:9      | Reached **** piety under Cheibriados
  8885 | D:9      | Found Ypeduicaiff's Weapon Shoppe.
  8896 | D:9      | Bought a +0 pair of gloves for 58 gold pieces
  9048 | D:9      | Found an opulent altar of Gozag.
  9162 | Lair:1   | Entered Level 1 of the Lair of Beasts
  9166 | Lair:1   | Learned a level 2 spell: Blink
  9290 | Lair:1   | Noticed a spiny frog
  9300 | Lair:1   | Killed a spiny frog
  9331 | Lair:1   | Found a frozen archway.
  9341 | IceCv    | Entered an ice cave
  9720 | Lair:1   | Reached skill level 9 in Unarmed Combat
  9946 | Lair:1   | Reached ***** piety under Cheibriados
 10332 | Lair:1   | Mangled by a swamp worm

Vault maps used:
D:1:      minmay_arrival_hallway, minmay_cut_off
D:2:      hangedman_decor_peaks_small, uniq_sigmund
D:3:      grunt_pakellas_basics, gammafunk_temple_overflow_statue, first_bread,
          nrook_uturn, st_stairs_10
D:4:      kennysheep_little_box, nemelex_spade_bored_becter, uniq_robin
D:5:      uniq_edmund, uniq_prince_ribbit1, uniq_pikel
D:6:      corexii_checkpoint_b
D:7:      nicolae_ashenzari_panopticon, fedhas_altar_4
D:8:      basic_altar, uniq_erolcha
D:9:      old_standard_altar, lemuel_coloured_pillars_altar, orc_david_3,
          grunt_livestock
Lair:1:   portal_ice_cave_entry_pillars_1, worms_lemuel, bh_autumn_forest_stairs
IceCv:    ice_cave_small_necro

Skill      XL: |  1  2  3  4  5  6  7  8  9 10 |
---------------+-------------------------------+-----
Unarmed Combat | 4 5 6 7 8 9 |  9.1
Transmutations | 3 4 5 6 7 |  7.2
Fighting       | 2 3 4 6 7 |  7.7
Dodging        | 2 3 4 5 6 |  6.7
Evocations     | 1 3 4 |  4.7
Invocations    | 4 |  4.0
Spellcasting   | |  2.9

Action                   |  1- 3 |  4- 6 |  7- 9 | 10-12 || total
-------------------------+-------+-------+-------+-------++-------
Melee: Unarmed           |   123 |   162 |   311 |   223 ||   819
       Kick              |     6 |       |       |       ||     6
       Tailslap          |    10 |     8 |    15 |    36 ||    69
       Punch             |     1 |     1 |     1 |    14 ||    17
       Headbutt          |     7 |     8 |    14 |     5 ||    34
 Cast: Beastly Appendage |    21 |    13 |    13 |     4 ||    51
       Sticks to Snakes  |     6 |    11 |    12 |       ||    29
       Spider Form       |       |     7 |    26 |     8 ||    41
       Blade Hands       |       |       |       |     4 ||     4
Invok: Bend Time         |       |       |     5 |       ||     5
 Abil: Breathe Fire      |       |       |     3 |       ||     3
       Evoke Invisibilit |       |       |     1 |       ||     1
  Use: Potion            |       |     3 |     1 |     1 ||     5
       Scroll            |       |       |    14 |     8 ||    22
 Stab: Sleeping          |     1 |     1 |     1 |       ||     3
       Distracted        |       |       |     2 |       ||     2
  Eat: Chunk             |     2 |    10 |    16 |     6 ||    34
       Beef jerky        |       |     1 |       |       ||     1
       Pizza             |       |       |     1 |       ||     1
Armor: Skin              |    30 |    65 |    47 |    43 ||   185
Dodge: Dodged            |    99 |   126 |   289 |   168 ||   682
